 Dungeon Crawl Stone Soup version 0.20.1-1-g8b1a95d (webtiles) character file.

578 RKaid the Grave Robber (level 7, -2/52 HPs)
             Began as a Mummy Necromancer on July 26, 2017.
             Slain by an orc priest
             ... wielding a +0 hand axe
              (3 damage)
             ... on level 5 of the Dungeon.
             The game lasted 00:11:22 (5618 turns).

RKaid the Grave Robber (Mummy Necromancer)          Turns: 5618, Time: 00:11:22

Health: -2/52      AC:  2    Str: 11    XL:     7   Next: 13%
Magic:  1/14       EV: 12    Int: 17    God:
Gold:   244        SH:  0    Dex: 12    Spells: 3/16 levels left

rFire    . . .     SeeInvis .   j - +0 whip
rCold    + . .     Gourm    .   (no shield)
rNeg     + + +     Faith    .   a - +0 robe
rPois    ∞         Spirit   .   (no helmet)
rElec    .         Reflect  .   g - scarf {repulsion}
rCorr    .         Harm     .   (no gloves)
MR       .....                  (no boots)
Stlth    ++........             (no amulet)
Regen    0.2/turn               c - ring of protection from fire {rF+}
MPRegen  0.2/turn               (no ring)

@: repel missiles
A: no food or potions, fire vulnerability, cold resistance 1, negative energy
resistance 3, torment resistance, unbreathing
a: no special abilities


You were on level 5 of the Dungeon.
You were not hungry.

You visited 1 branch of the dungeon, and saw 5 of its levels.

You collected 244 gold pieces.

Inventory:

Hand Weapons
 j - a +0 whip (weapon)
   (You found it on level 1 of the Dungeon)
 o - a +0 hunting sling
   (You took it off a goblin on level 2 of the Dungeon)
Missiles
 i - 76 sling bullets
 k - 2 throwing nets {=f}
Armour
 a - a +0 robe (worn)
 g - a scarf of repulsion (worn)
   (You found it on level 1 of the Dungeon)
Jewellery
 c - a ring of protection from fire (left hand) {rF+}
   (You found it on level 1 of the Dungeon)
 e - an uncursed ring of fire {unknown}
   (You found it on level 3 of the Dungeon)
 m - an uncursed ring of poison resistance {unknown}
   (You found it on level 2 of the Dungeon)
 r - an uncursed ring of protection from magic {unknown}
   (You found it on level 4 of the Dungeon)
Scrolls
 d - 2 scrolls of fear {unknown}
 f - a scroll of enchant armour {unknown}
 h - 5 scrolls of identify {unknown}
 l - a scroll of teleportation {unknown}
 n - a scroll of enchant weapon {unknown}
 p - a scroll of remove curse {unknown}
 q - a scroll of immolation {unknown}
Books
 b - a book of Necromancy


   Skills:
 + Level 3.5 Fighting
 - Level 1.5 Dodging
 - Level 1.5 Stealth
 + Level 5.0 Spellcasting
 * Level 6.8 Necromancy


You had 3 spell levels left.
You knew the following spells:

 Your Spells              Type           Power        Failure   Level  Hunger
a - Pain                  Necr           ####         1%          1    N/A
b - Vampiric Draining     Necr           ####......   2%          3    N/A
c - Control Undead        Necr           ####......   9%          4    N/A
d - Animate Dead          Necr           N/A          9%          4    N/A
A - Animate Skeleton      Necr           N/A          1%          1    N/A

Dungeon Overview and Level Annotations

Branches:
Dungeon (5/15)
 Temple: D:4-7

Altars:
Dithmenos
Elyvilon
Fedhas
Hepliaklqana
Makhleb
Okawaru
Trog
Yredelemnul

Annotations:
D:4 baghtru's ghost, amateur GrFi
D:5 Grinder


Innate Abilities, Weirdness & Mutations

You do not eat or drink.
Your flesh is vulnerable to fire.
You are immune to poison.
Your flesh is cold resistant. (rC+)
You are immune to negative energy. (rN+++)
You are immune to unholy pain and torment.
You can survive without breathing.


Message History

The dead are walking!
You see here a chunk of flesh.
You start resting.
Something barely misses your jackal skeleton.
An orc wizard comes into view. It is wielding a dagger.
The orc wizard casts a spell.
The orc wizard blinks!
The orc wizard gestures at you while chanting.
The magic dart hits you!
Casting: Animate Skeleton
Confirm with . or Enter, or press ? or * to list all spells.
Aiming: Pain
Press: ? - help, Shift-Dir - straight line, f - orc wizard
Aim: an orc wizard, wielding a dagger and wearing a robe (chance to defeat MR: 84%)
The orc wizard writhes in agony!
Casting: Pain
Confirm with . or Enter, or press ? or * to list all spells.
Aiming: Pain
Press: ? - help, Shift-Dir - straight line, f/p - orc wizard
Aim: an orc wizard, wielding a dagger and wearing a robe (severely wounded, chance to defeat MR: 84%)
The orc wizard writhes in agony!
Your jackal skeleton closely misses the orc wizard.
The orc wizard casts a spell at you. The magic dart hits you!
Casting: Pain
Confirm with . or Enter, or press ? or * to list all spells.
Aiming: Pain
Press: ? - help, Shift-Dir - straight line, f/p - orc wizard
Aim: an orc wizard, wielding a dagger and wearing a robe (severely wounded, chance to defeat MR: 84%)
The orc wizard barely resists.
Your jackal skeleton bites the orc wizard.
The orc wizard casts a spell at you. The magic dart hits you!
Your jackal skeleton barely misses the orc wizard.
An orc priest comes into view.
You closely miss the orc wizard. The orc wizard misses you.
Your jackal skeleton misses the orc wizard.
An orc priest comes into view. It is wielding a hand axe.
Casting: Pain
Confirm with . or Enter, or press ? or * to list all spells.
Aiming: Vampiric Draining
Press: ? - help, Shift-Dir - straight line, f/p - orc wizard
Aim: an orc wizard, wielding a dagger and wearing a robe (almost dead)
You kill the orc wizard!
Your Spellcasting skill increases to level 5!
You swap places.
An orc priest comes into view. It is wielding a trident.
Casting: Vampiric Draining
Confirm with . or Enter, or press ? or * to list all spells.
Aiming: Vampiric Draining
Press: ? - help, Shift-Dir - straight line, f - orc priest
Aim: an orc priest, wearing a leather armour You feel life coursing into your body.
The orc priest hits you.
The orc priest mumbles some strange prayers to Beogh against you.
Beogh smites you!
Casting: Vampiric Draining
Confirm with . or Enter, or press ? or * to list all spells.
Aiming: Vampiric Draining
Press: ? - help, Shift-Dir - straight line, f/p - orc priest
Aim: an orc priest, wearing a leather armour (severely wounded)
You kill the orc priest!
You feel life coursing into your body. The orc priest closely misses you.
The orc priest closely misses you.
Casting: Vampiric Draining
Confirm with . or Enter, or press ? or * to list all spells.
Aiming: Vampiric Draining
Press: ? - help, Shift-Dir - straight line, f - orc priest
Aim: an orc priest, wielding a trident and wearing a chain mail You feel life coursing into your body.
The orc priest hits your jackal skeleton with a trident.
Casting: Vampiric Draining
Confirm with . or Enter, or press ? or * to list all spells.
You don't have enough magic to cast that spell.
Unknown command.
You hit the orc priest but do no damage.
Your jackal skeleton bites the orc priest but does no damage.
Your jackal skeleton closely misses the orc priest.
The orc priest barely misses you.
You hit the orc priest but do no damage.
Your jackal skeleton bites the orc priest but does no damage.
The orc priest hits you with a trident!
You hit the orc priest but do no damage.
Your jackal skeleton bites the orc priest but does no damage.
The orc priest hits your jackal skeleton with a trident!
Your jackal skeleton is destroyed!
You hit the orc priest but do no damage.
The orc priest misses you.
The orc priest calls down the wrath of Beogh upon you.
Beogh smites you!
* * * LOW HITPOINT WARNING * * *
You barely miss the orc priest.
The orc priest hits you with a hand axe!
* * * LOW HITPOINT WARNING * * *
The orc priest looks satisfied for a moment.
You barely miss the orc priest. The orc priest hits you with a trident.
* * * LOW HITPOINT WARNING * * *
The orc priest barely misses you.
You closely miss the orc priest. The orc priest barely misses you.
The orc priest hits you with a hand axe.
You die...

#.####.##...####............
#.# #.##...# #.#####.####.
#.# #.#.# #.# #.# #.#.# #.#
... #.#.####.####..##
#.#..............
#.#.####.####..##
#)#o............
#%#@####.####..# #.o..###.##
.######.....#...#
........).......#
...†......###...#
...#####..# ##.## .. #..#
#.# #.'# #.# #... #.#


You could see 2 orc priests.

Vanquished Creatures
  Menkaure (D:5)
  A necrophage (D:5)
  A howler monkey (D:5)
  2 orc wizards
  3 orc priests (D:5)
  7 adders
  5 gnolls
  An ooze (D:1)
  A worm (D:3)
  2 dart slugs
  5 leopard geckos
  4 orcs
  4 ball pythons
  4 giant cockroaches
  10 goblins
  5 hobgoblins
  10 jackals
  9 kobolds
  A quokka (D:3)
  9 bats
  6 frilled lizards
  5 rats
96 creatures vanquished.

Vanquished Creatures (collateral kills)
  A gnoll (D:5)
  A bat (D:2)
2 creatures vanquished.

Grand Total: 98 creatures vanquished

Notes
Turn   | Place    | Note
-------+----------+-------------------------------------------
     0 | D:1      | RKaid the Mummy Necromancer began the quest for the Orb.
     0 | D:1      | Reached XP level 1. HP: 13/13 MP: 4/4
     8 | D:1      | Learned a level 1 spell: Animate Skeleton
   369 | D:1      | Reached XP level 2. HP: 19/19 MP: 0/5
   633 | D:1      | Reached skill level 3 in Spellcasting
  1059 | D:1      | Reached skill level 1 in Fighting
  1145 | D:1      | Reached XP level 3. HP: 26/26 MP: 3/7
  2089 | D:2      | Reached XP level 4. HP: 33/33 MP: 7/9
  2192 | D:3      | Found a shadowy altar of Dithmenos.
  2357 | D:3      | Reached skill level 2 in Fighting
  2399 | D:2      | HP: 2/33 [gnoll/whip (7)]
  2401 | D:2      | Reached skill level 5 in Necromancy
  2678 | D:2      | Learned a level 3 spell: Vampiric Draining
  2683 | D:2      | Learned a level 4 spell: Control Undead
  3008 | D:3      | Reached XP level 5. HP: 38/38 MP: 0/10
  3696 | D:4      | Noticed baghtru's ghost (amateur GrFi)
  3696 | D:4      | Found a blossoming altar of Fedhas.
  3770 | D:3      | Reached skill level 4 in Spellcasting
  4539 | D:5      | Entered Level 5 of the Dungeon
  4549 | D:5      | Found a white marble altar of Elyvilon.
  4551 | D:5      | Found a hazy altar of Hepliaklqana.
  4556 | D:5      | Found an iron altar of Okawaru.
  4560 | D:5      | Noticed a necrophage
  4582 | D:5      | HP: 5/39 [necrophage (5)]
  4584 | D:5      | Killed a necrophage
  4584 | D:5      | Reached XP level 6. HP: 4/46 MP: 10/12
  4868 | D:5      | Learned a level 4 spell: Animate Dead
  4876 | D:5      | Noticed Grinder
  4916 | D:5      | Found a bloodstained altar of Trog.
  4947 | D:5      | Reached skill level 6 in Necromancy
  5061 | D:5      | Found a burning altar of Makhleb.
  5071 | D:5      | Reached skill level 3 in Fighting
  5230 | D:5      | Found a basalt altar of Yredelemnul.
  5291 | D:5      | Noticed Menkaure
  5306 | D:5      | Killed Menkaure
  5518 | D:5      | Reached XP level 7. HP: 52/52 MP: 10/14
  5605 | D:5      | Reached skill level 5 in Spellcasting
  5616 | D:5      | HP: 5/52 [orc priest/hand axe (9)]
  5617 | D:5      | HP: 1/52 [orc priest/trident (4)]
  5618 | D:5      | Slain by an orc priest

Skill      XL: |  1  2  3  4  5  6  7 |
---------------+----------------------+-----
Spellcasting   | 3 4 5 |  5.0
Fighting       | 1 2 3 |  3.5
Necromancy     | 5 6 |  6.8
Dodging        | |  1.5
Stealth        | |  1.5

Action                   |  1- 3 |  4- 6 |  7- 9 || total
-------------------------+-------+-------+-------++-------
Melee: Unarmed           |     1 |       |       ||     1
       Whip              |     4 |    41 |     8 ||    53
 Fire: Hunting sling     |     3 |     4 |       ||     7
 Cast: Pain              |    79 |   104 |    11 ||   194
       Animate Skeleton  |    20 |    10 |     1 ||    31
       Control Undead    |       |     1 |       ||     1
       Vampiric Draining |       |     3 |     4 ||     7
       Animate Dead      |       |     1 |       ||     1
 Stab: Distracted        |       |     1 |       ||     1
Armor: Robe              |    13 |     6 |       ||    19
Dodge: Dodged            |    17 |    48 |    10 ||    75
       Deflected         |     1 |     1 |       ||     2

Table legend:
 A = Turns spent in this place as a percentage of turns spent in the entire game.
 B = Non-inter-level travel turns spent in this place as a percentage of non-inter-level travel turns spent in the entire game.
 C = Inter-level travel turns spent in this place as a percentage of turns spent in this place.
 D = Turns resting spent in this place as a percentage of non-inter-level travel turns spent in this place.
 E = Turns spent auto-exploring this place as a percentage of non-inter-level travel turns spent in this place.
 F = Non-inter-level travel turns spent in this place divided by the number of levels of this place that you've seen.
                   A       B       C       D       E      F
               +-------+-------+-------+-------+-------+----------------------
         Total | 100.0 | 100.0 |   0.7 |   9.7 |   7.8 | 224.0
       Dungeon | 100.0 | 100.0 |   0.7 |   9.7 |   7.8 | 224.0
               +-------+-------+-------+-------+-------+----------------------

Table legend:
 A = Kills in this place as a percentage of kills in entire the game.
 B = Kills by you in this place as a percentage of kills by you in the entire game.
 C = Kills by friends in this place as a percentage of kills by friends in the entire game.
 D = Other kills in this place as a percentage of other kills in the entire game.
 E = Experience gained in this place as a percentage of experience gained in the entire game.
 F = Experience gained in this place divided by the number of levels of this place that you have seen.
                   A       B       C       D       E      F
               +-------+-------+-------+-------+-------+----------------------
         Total | 100.0 | 100.0 | 100.0 |  -nan | 100.0 | 165.2
       Dungeon | 100.0 | 100.0 | 100.0 |  -nan | 100.0 | 165.2
               +-------+-------+-------+-------+-------+----------------------
